Map: New Gettysburg LE

Players

Fropez

  • Race: Protoss Protoss
  • League: Gold
  • Spawn Location: 7:00

EasyBones - Winner!

  • Race: Terran Terran
  • League: Gold
  • Spawn Location: 5:00

VOD

Have the link to the VOD?

Description

Time

  • Played on: Oct. 20, 2016, 7:08 p.m.
  • Length: 15:22
Show
View Real Time Build Order
Export as new Build Order

Fropez Protoss 

Build Orders:  

Get SALT Encoding   

  12  0:04  Probe (Chrono Boost)  
  13  0:15  Probe (Chrono Boost)  
  14  0:21  Pylon  
  14  0:26  Probe (Chrono Boost)  
  15  0:35  Assimilator  
  15  0:39  Probe (Chrono Boost)  
  16  0:45  Gateway  
  16  0:50  Probe (Chrono Boost)  
  17  1:01  Probe (Chrono Boost)  
  19  1:11  Probe (Chrono Boost)  
  19  1:20  Pylon  
  19  1:23  Probe (Chrono Boost)  
  20  1:27  Assimilator  
  20  1:34  Probe (Chrono Boost)  
  21  1:43  Cybernetics Core  
  21  1:44  Probe (Chrono Boost)  
  22  1:55  Probe (Chrono Boost)  
  22  1:56  Pylon  
  23  2:06  Probe (Chrono Boost)  
  24  2:20  Nexus  
  26  2:24  Stalker  
  26  2:31  Mothership Core (Chrono Boost)  
  26  2:34  Warp Gate  
  28  2:49  Probe (Chrono Boost)  
  29  3:00  Probe (Chrono Boost)  
  30  3:11  Probe (Chrono Boost), Assimilator  
  31  3:20  Gateway  
  31  3:23  Pylon  
  31  3:27  Forge  
  31  3:32  Probe (Chrono Boost)  
  32  3:42  Probe (Chrono Boost)  
  32  3:43  Probe (Chrono Boost)  
  34  3:52  Nexus  
  34  3:54  Probe (Chrono Boost)  
  35  4:01  Protoss Ground Weapons Level 1  
  35  4:05  Stalker  
  35  4:08  Probe (Chrono Boost)  
  38  4:12  Probe (Chrono Boost)  
  39  4:20  Pylon  
  39  4:27  Probe (Chrono Boost), Assimilator  
  39  4:29  Probe (Chrono Boost)  
  41  4:37  Pylon  
  39  4:40  Probe (Chrono Boost)  
  40  4:49  Gateway  
  40  4:53  Gateway  
  42  5:01  Stalker  
  42  5:04  Stalker  
  44  5:16  Pylon  
  44  5:18  Gateway  
  44  5:21  Gateway  
  44  5:38  Probe (Chrono Boost)  
  44  5:40  Twilight Council  
  45  5:55  Assimilator  
  45  5:57  Assimilator  
  45  6:09  Stargate  
  45  6:12  Stargate  
  45  6:17  Robotics Facility  
  45  6:19  Gateway  
  45  6:25  Probe (Chrono Boost)  
  46  6:30  Blink (Chrono Boost)  
  46  6:34  Protoss Ground Weapons Level 2 (Chrono Boost)  
  46  6:51  Stalker  
  46  6:52  Stalker x5  
  58  6:56  Pylon  
  58  6:58  Pylon  
  58  7:07  Pylon  
  58  7:08  Oracle x2  
  64  7:11  Observer  
  65  7:25  Photon Cannon  
  65  7:28  Photon Cannon  
  65  7:32  Photon Cannon  
  65  7:36  Pylon  
  65  7:39  Pylon  
  65  7:41  Stalker  
  65  7:42  Stalker x2  
  71  7:54  Stalker  
  71  7:55  Stalker x2  
  77  8:01  Pylon  
  77  8:15  Stalker x2  
  77  8:16  Stalker  
  83  8:21  Immortal  
  87  9:03  Stalker x5  
  87  9:04  Stalker x2  
  87  9:06  Immortal, Oracle  
  108  9:11  Oracle  
  107  9:36  Nexus  
  93  10:02  Adept x2  
  93  10:03  Adept x5  
  103  10:07  Resonating Glaives (Chrono Boost)  
  103  10:12  Probe  
  103  10:13  Probe  
  103  10:14  Probe  
  100  10:34  Immortal  
  104  10:40  Adept x7  
  100  11:07  Adept x3  
  100  11:08  Adept x4  
  92  11:51  Nexus  
  92  11:53  Pylon x2  
  90  11:57  Assimilator  
  90  12:01  Assimilator  
  79  12:23  Gateway  
  79  12:25  Gateway  
  79  12:26  Pylon  
  79  12:28  Pylon  
  79  12:30  Pylon  
  79  12:36  Pylon  
  77  12:38  Pylon  
  77  12:39  Pylon  
  77  12:42  Gateway  
  77  12:45  Cybernetics Core  
  63  13:48  Immortal  
Show
View Real Time Build Order
Export as new Build Order

EasyBones Terran - Winner!

Build Orders: Reaper Expand 

Get SALT Encoding   

  12  0:01  SCV  
  13  0:15  Supply Depot  
  13  0:19  SCV  
  14  0:40  Barracks  
  14  0:48  Supply Depot  
  14  0:52  Refinery  
  14  0:53  SCV  
  15  1:05  SCV  
  16  1:33  Command Center  
  16  1:35  Reaper  
  17  1:42  SCV  
  18  2:01  Orbital Command  
  18  2:07  Marine  
  19  2:46  Factory  
  19  2:49  Marine  
  20  2:58  SCV  
  22  3:02  Orbital Command  
  21  3:07  Marine, Refinery  
  21  3:10  SCV  
  23  3:22  SCV  
  24  3:30  Engineering Bay  
  24  3:34  SCV  
  25  3:46  Factory Tech Lab, SCV  
  25  3:47  Marine  
  27  3:50  Orbital Command  
  27  4:05  Marine  
  28  4:15  Bunker  
  28  4:18  Terran Infantry Weapons Level 1  
  28  4:22  Marine  
  29  4:25  Barracks  
  29  4:28  Command Center  
  29  4:34  Starport  
  29  4:40  Marine, SCV x2  
  32  4:52  SCV  
  33  4:55  Siege Tank  
  33  4:58  Marine  
  37  5:00  SCV  
  38  5:08  SCV  
  38  5:12  SCV  
  40  5:18  Starport Reactor  
  40  5:20  SCV  
  42  5:25  Barracks Tech Lab  
  42  5:26  Supply Depot  
  41  5:28  Barracks Reactor  
  41  5:38  SCV, Refinery  
  41  5:39  SCV, Refinery  
  43  5:49  Barracks  
  43  5:51  SCV x2  
  45  5:58  Barracks  
  45  6:03  SCV x2  
  47  6:10  Medivac  
  49  6:12  Terran Infantry Armor Level 1  
  49  6:15  SCV  
  50  6:28  SCV x2  
  52  6:34  Siege Tank  
  52  6:38  Marine x2  
  52  6:39  Marine x2  
  59  6:40  SCV x2  
  59  6:43  Medivac  
  63  6:47  Supply Depot  
  63  6:52  SCV x2  
  63  6:54  SCV  
  66  6:56  Marine x3  
  66  7:01  Supply Depot  
  69  7:09  Marine, SCV, Medivac  
  69  7:11  Supply Depot  
  69  7:14  Marine x2  
  77  7:21  SCV  
  77  7:22  Barracks Reactor  
  76  7:24  Barracks Reactor, Supply Depot, Combat Shields  
  76  7:26  Marine  
  77  7:32  Marine x2  
  77  7:33  SCV  
  77  7:35  Supply Depot  
  77  7:36  Medivac  
  82  7:44  Marine  
  82  7:45  SCV  
  82  7:48  Supply Depot  
  82  7:49  Marine, SCV x2  
  82  7:50  Marine  
  88  7:57  SCV  
  89  7:58  Medivac  
  89  8:01  SCV x2  
  89  8:02  Marine  
  94  8:05  Supply Depot  
  94  8:06  Medivac, Building Armor  
  94  8:07  Marine x2  
  94  8:08  Supply Depot  
  94  8:09  Marine, SCV  
  94  8:10  Marine x3  
  103  8:13  SCV  
  104  8:20  Marine  
  104  8:25  Marine x2  
  107  8:27  Marine x2  
  107  8:28  Marine x2  
  107  8:30  Supply Depot  
  107  8:31  Armory  
  111  8:38  Marine  
  111  8:39  SCV x3  
  115  8:43  Marine x2, Stimpack  
  115  8:45  Marine x3  
  115  8:46  Marine  
  121  8:51  SCV x3  
  121  8:54  Missile Turret  
  121  8:55  Marine, Missile Turret  
  124  8:56  Missile Turret  
  124  9:01  Marine x2  
  126  9:03  Marine x2, SCV  
  126  9:08  Marine x2  
  131  9:13  Marine  
  132  9:19  Marine x2, Engineering Bay  
  132  9:21  Marine x2  
  135  9:26  Marine x2  
  137  9:31  Marine  
  123  10:06  Marine x5  
  128  10:10  Medivac x2  
  128  10:12  Siege Tank  
  135  10:23  Supply Depot  
  135  10:24  Marine x5  
  135  10:27  Supply Depot  
  135  10:28  Supply Depot  
  140  10:41  Marine  
  141  10:45  Marine x4, Siege Tank  
  141  10:48  Medivac x2  
  152  10:59  Marine  
  152  11:02  Marine x2  
  152  11:03  Marine x2  
  139  11:17  Siege Tank  
  141  11:21  Marine  
  141  11:22  Marine  
  141  11:23  Medivac  
  141  11:24  Marine x3  
  140  11:26  Medivac  
  135  11:39  Marine  
  126  11:40  Marine  
  126  11:41  Marine x2  
  126  11:42  Marine  
  119  11:47  Barracks Reactor  
  119  11:49  Thor  
  119  11:53  Medivac  
  118  11:56  Medivac  
  118  11:57  Marine  
  118  11:58  Marine  
  118  11:59  Marine  
  76  13:52  Engineering Bay  
  72  14:57  Missile Turret x3  
  72  14:58  Missile Turret x2  
Tags
 
League
GoldGold
Matchup
PvT
Replay Pack
All Mines
Spawn Locations
Close Positions
Add a new tag
Caveats
  • Supply blocks, unpowered buildings, or Contaminate may cause inaccurate times.
  • Supply counts are checked every 10 seconds.